2340 views
Uploaded 2021-07-27 20:08:50
Game version 1.32.10
20:21 long 1on1 ladder game on (2)BrightwaterOasis
Saved by aom
2340 views
Uploaded 2021-07-27 20:08:50
Game version 1.32.10
20:21 long 1on1 ladder game on (2)BrightwaterOasis

36 units @ 5.9k
/ 1.1k
19 buildings @ 3.1k
/ 1.2k



| Rod of Necromancy | 4 | 600 |
| Ritual Dagger | 2 | 250 |
| Orb of Corruption | 1 | 375 |
| Scroll of Town Portal | 1 | 350 |
| Circlet of Nobility | 2 | 350 |
| Periapt of Vitality | 1 | 325 |
| total: | 11 | 2250g |
| Acolyte | 16 | 1200 | / | 0 |
| Ghoul | 5 | 600 | / | 0 |
| Crypt Fiend | 6 | 1290 | / | 240 |
| Frost Wyrm | 4 | 1540 | / | 480 |
| Abomination | 3 | 720 | / | 210 |
| Obsidian Statue | 1 | 200 | / | 35 |
| Goblin Shredder | 1 | 375 | / | 100 |
| total: | 36 | 5925g | / | 1065w |
| Nerubian Tower | 2 | 200 | / | 40 |
| Spirit Tower | 1 | 145 | / | 40 |
| Ziggurat | 6 | 900 | / | 300 |
| Altar of Darkness | 1 | 180 | / | 50 |
| Crypt | 2 | 400 | / | 100 |
| Tomb of Relics | 3 | 390 | / | 90 |
| Graveyard | 1 | 215 | / | 0 |
| Necropolis | 2 | 450 | / | 0 |
| Slaughterhouse | 1 | 140 | / | 135 |
| Sacrificial Pit | 1 | 75 | / | 150 |
| Boneyard | 2 | 350 | / | 400 |
| Halls of the Dead | 1 | 320 | / | 210 |
| Black Citadel | 1 | 325 | / | 230 |
| total: | 19 | 3100g | / | 1225w |
| 0:05 | Acolyte |
| 0:07 | Ziggurat |
| 0:08 | Altar of Darkness |
| 0:16 | Acolyte |
| 0:19 | Acolyte |
| 0:49 | Crypt |
| 0:52 | Crypt |
| 0:58 | Nerubian Tower |
| 1:06 | Tomb of Relics |
| 1:35 | Graveyard |
| 1:52 | Ghoul |
| 1:53 | Ghoul |
| 2:08 | Rod of Necromancy |
| 2:11 | Death Coil |
| 2:33 | Ghoul |
| 2:34 | Ghoul |
| 2:59 | Halls of the Dead |
| 3:26 | Ziggurat |
| 3:46 | Rod of Necromancy |
| 3:55 | Cannibalize |
| 3:56 | Crypt Fiend |
| 4:19 | Unholy Aura |
| 4:43 | Ziggurat |
| 5:14 | Crypt Fiend |
| 5:31 | Slaughterhouse |
| 6:08 | Crypt Fiend |
| 6:16 | Goblin Shredder |
| 6:31 | Frost Nova |
| 7:01 | Crypt Fiend |
| 7:11 | Ghoul |
| 7:19 | Spirit Tower |
| 7:53 | Death Coil |
| 8:06 | Black Citadel |
| 8:10 | Creature Attack |
| 8:24 | Creature Carapace |
| 8:29 | Ziggurat |
| 9:00 | Frost Armor |
| 9:56 | Necropolis |
| 10:28 | Scroll of Town Portal |
| 10:29 | Rod of Necromancy |
| 10:31 | Ritual Dagger |
| 10:41 | Improved Creature Carapace |
| 10:49 | Disease Cloud |
| 10:52 | Crypt Fiend |
| 10:58 | Ghoul Frenzy |
| 11:10 | Frost Nova |
| 11:28 | Frost Arrows |
| 12:09 | Unholy Armor |
| 12:17 | Circlet of Nobility |
| 12:18 | Periapt of Vitality |
| 12:50 | Sacrificial Pit |
| 12:53 | Boneyard |
| 12:54 | Boneyard |
| 13:09 | Circlet of Nobility |
| 13:25 | Forked Lightning |
| 13:33 | Acolyte |
| 13:33 | Acolyte |
| 13:33 | Acolyte |
| 13:34 | Acolyte |
| 13:36 | Ziggurat |
| 13:37 | Tomb of Relics |
| 14:04 | Acolyte |
| 14:10 | Ziggurat |
| 14:13 | Tomb of Relics |
| 14:14 | Acolyte |
| 14:14 | Acolyte |
| 14:22 | Frost Wyrm |
| 14:25 | Unholy Aura |
| 15:08 | Acolyte |
| 15:08 | Acolyte |
| 15:08 | Acolyte |
| 15:08 | Acolyte |
| 15:08 | Acolyte |
| 16:31 | Frost Armor |
| 16:48 | Necropolis |
| 16:52 | Nerubian Tower |
| 17:02 | Frost Arrows |
| 17:09 | Orb of Corruption |
| 17:15 | Ritual Dagger |
| 17:19 | Rod of Necromancy |
| 17:45 | Frost Wyrm |
| 17:49 | Abomination |
| 18:25 | Abomination |
| 18:45 | Frost Wyrm |
| 18:49 | Acolyte |
| 19:11 | Improved Creature Attack |
| 19:16 | Frost Wyrm |
| 19:22 | Crypt Fiend |
| 19:24 | Web |
| 19:24 | Burrow |
| 19:27 | Abomination |
| 19:27 | Obsidian Statue |
| 20:08 | Death Coil |
| Select group | 1438 |
| Right click | 626 |
| Select | 489 |
| Misc. action | 188 |
| Build/train/purchase | 148 |
| Use ability | 40 |
| Assign group | 39 |
| Item give/drop | 7 |
| Remove unit | 5 |
43 units @ 6.6k
/ 0.5k
29 buildings @ 4.1k
/ 2k


| Healing Salve | 5 | 500 |
| Scroll of Speed | 6 | 300 |
| Potion of Healing | 4 | 600 |
| Potion of Mana | 5 | 1000 |
| total: | 20 | 2400g |
| Peon | 13 | 975 | / | 0 |
| Grunt | 16 | 3200 | / | 0 |
| Troll Headhunter | 7 | 980 | / | 140 |
| Raider | 5 | 900 | / | 200 |
| Goblin Shredder | 1 | 375 | / | 100 |
| Goblin Sapper | 1 | 215 | / | 100 |
| total: | 43 | 6645g | / | 540w |
| Watch Tower | 16 | 1760 | / | 1280 |
| Altar of Storms | 1 | 180 | / | 50 |
| Orc Burrow | 5 | 800 | / | 200 |
| War Mill | 1 | 205 | / | 0 |
| Voodoo Lounge | 2 | 260 | / | 60 |
| Barracks | 2 | 360 | / | 100 |
| Great Hall | 1 | 385 | / | 185 |
| Beastiary | 1 | 145 | / | 140 |
| Stronghold | 1 | 315 | / | 190 |
| Fortress | 1 | 325 | / | 190 |
| total: | 29 | 4095g | / | 2015w |
| 0:04 | Peon |
| 0:05 | Peon |
| 0:27 | Altar of Storms |
| 0:32 | Peon |
| 0:43 | Orc Burrow |
| 0:49 | War Mill |
| 0:52 | Peon |
| 1:02 | Orc Burrow |
| 1:15 | Peon |
| 1:26 | Peon |
| 1:50 | Voodoo Lounge |
| 1:55 | Peon |
| 2:23 | Peon |
| 2:23 | Peon |
| 2:28 | Spiked Barricades |
| 2:36 | Feral Spirit |
| 2:43 | Orc Burrow |
| 2:49 | Watch Tower |
| 2:55 | Peon |
| 2:55 | Peon |
| 3:40 | Barracks |
| 3:47 | Pillage |
| 3:50 | Stronghold |
| 3:53 | Steel Armor |
| 3:59 | Healing Salve |
| 4:22 | Scroll of Speed |
| 4:32 | Watch Tower |
| 5:00 | Goblin Shredder |
| 5:14 | Grunt |
| 5:14 | Grunt |
| 5:34 | Grunt |
| 6:00 | Barracks |
| 6:08 | Chain Lighting |
| 6:16 | Grunt |
| 6:59 | Grunt |
| 7:17 | Orc Burrow |
| 7:27 | Grunt |
| 7:28 | Grunt |
| 7:32 | Berserker Strength |
| 7:36 | Healing Salve |
| 7:57 | Great Hall |
| 8:34 | Grunt |
| 8:34 | Grunt |
| 8:51 | Potion of Healing |
| 9:22 | Watch Tower |
| 9:30 | Watch Tower |
| 9:33 | Watch Tower |
| 9:47 | Watch Tower |
| 9:54 | Healing Salve |
| 9:55 | Scroll of Speed |
| 10:02 | Troll Headhunter |
| 10:35 | Peon |
| 10:35 | Peon |
| 10:53 | Watch Tower |
| 11:00 | Troll Headhunter |
| 11:10 | Steel Ranged Weapons |
| 11:17 | Reinforced Defenses |
| 11:27 | Watch Tower |
| 11:36 | Watch Tower |
| 11:38 | Watch Tower |
| 11:44 | Voodoo Lounge |
| 11:48 | Potion of Mana |
| 11:52 | Scroll of Speed |
| 12:15 | Feral Spirit |
| 12:23 | Grunt |
| 12:25 | Troll Headhunter |
| 12:31 | Orc Burrow |
| 12:36 | Improved Spiked Barricades |
| 12:38 | Thorium Ranged Weapons |
| 12:52 | Watch Tower |
| 12:54 | Watch Tower |
| 13:00 | Grunt |
| 13:06 | Potion of Mana |
| 13:07 | Healing Salve |
| 13:21 | Troll Headhunter |
| 13:23 | Fortress |
| 13:33 | Beastiary |
| 13:49 | Troll Headhunter |
| 13:50 | Troll Headhunter |
| 14:14 | Potion of Healing |
| 14:14 | Potion of Mana |
| 14:18 | Scroll of Speed |
| 14:53 | Chain Lighting |
| 15:02 | Ensnare |
| 15:03 | Raider |
| 15:06 | Troll Headhunter |
| 15:17 | Watch Tower |
| 15:18 | Watch Tower |
| 15:31 | Troll Regeneration |
| 16:14 | Hex |
| 16:39 | Watch Tower |
| 16:41 | Watch Tower |
| 16:46 | Potion of Mana |
| 16:46 | Potion of Healing |
| 16:47 | Scroll of Speed |
| 16:51 | Healing Salve |
| 17:03 | Burning Oil |
| 17:05 | Grunt |
| 17:19 | Potion of Mana |
| 17:19 | Scroll of Speed |
| 17:25 | Raider |
| 17:46 | Goblin Sapper |
| 18:45 | Grunt |
| 18:45 | Grunt |
| 18:46 | Grunt |
| 18:46 | Grunt |
| 18:47 | Raider |
| 18:48 | Raider |
| 18:51 | Thorium Armor |
| 18:55 | Potion of Healing |
| 19:41 | Raider |
| 19:44 | Steel Melee Weapons |
| Right click | 615 |
| Select | 295 |
| Select group | 264 |
| Build/train/purchase | 119 |
| Assign group | 87 |
| Use ability | 33 |
| Remove unit | 2 |